 Dungeon Crawl Stone Soup version 0.20.1-1-g8b1a95d (webtiles) character file.

1835 Maskull the Spear-Bearer (level 9, -6/75 HPs)
             Began as a Hill Orc Fighter on July 29, 2017.
             Was an Elder of Zin.
             Mangled by a troll (13 damage)
             ... on level 6 of the Dungeon.
             The game lasted 00:15:35 (3987 turns).

Maskull the Spear-Bearer (Hill Orc Fighter)         Turns: 3987, Time: 00:15:37

Health: -6/75      AC: 10    Str: 22    XL:     9   Next: 11%
Magic:  10/10      EV: 14    Int: 13    God:    Zin [****..]
Gold:   348        SH:  0    Dex: 15    Spells: 8/8 levels left

rFire    . . .     SeeInvis .   x - +3 spear (flame)
rCold    . . .     Gourm    .   c - +1 shield
rNeg     . . .     Faith    .   b - +0 scale mail
rPois    .         Spirit   .   p - +0 helmet
rElec    .         Reflect  .   i - +0 cloak
rCorr    .         Harm     .   (no gloves)
MR       .....                  (no boots)
Stlth    +.........             (no amulet)
Regen    0.3/turn               (no ring)
MPRegen  0.2/turn               (no ring)

@: confused, brilliant, agile
A: no striking features
a: Recite, Vitalisation, Imprison, Donate Gold, Renounce Religion


You were on level 6 of the Dungeon.
You worshipped Zin.
Zin was greatly pleased with you.
You were not hungry.

You visited 1 branch of the dungeon, and saw 6 of its levels.

You collected 386 gold pieces.
You donated 38 gold pieces to Zin.

Inventory:

Hand Weapons
 a - a +0 trident
 x - a +3 spear of flaming (weapon)
Armour
 b - a +0 scale mail (worn)
 c - a +1 shield (worn)
 i - a +0 cloak (worn)
 p - a +0 helmet (worn)
Wands
 d - a wand of confusion (24/48)
 r - a wand of acid (1/15)
 v - a wand of lightning (0/15)
Scrolls
 j - 3 scrolls of teleportation
 o - 3 scrolls of remove curse
Potions
 g - a potion of cancellation {unknown}
 h - 2 potions of lignification
 l - a potion of degeneration {unknown}
 q - a potion of brilliance
 t - a potion of magic {unknown}
 u - a potion of invisibility {unknown}
 w - a potion of resistance {unknown}
Comestibles
 f - 3 bread rations
 k - 2 royal jellies
 n - 2 meat rations


   Skills:
 + Level 5.9 Fighting
 + Level 8.2 Polearms
 + Level 6.0 Armour
 + Level 2.5 Dodging
 - Level 1.9 Stealth
 + Level 5.7 Shields
 + Level 1.3 Invocations
 + Level 1.7 Evocations


You had 8 spell levels left.
You didn't know any spells.

Dungeon Overview and Level Annotations

Branches:
Dungeon (6/15)             Temple (0/1) D:5

Altars:
Nemelex Xobeh
Qazlal
Vehumet
Zin

Annotations:
D:4 exclusion: statue


Message History

* * * LOW HITPOINT WARNING * * *
Something barely misses you.
Zin protects your body from unnatural transformation!
You feel woody for a moment. The troll bites you but does no damage.
The troll claws you.
* * * LOW HITPOINT WARNING * * *
The troll claws you.
* * * LOW HITPOINT WARNING * * *
Something hits you.
* * * LOW HITPOINT WARNING * * *
Something shocks you.
* * * LOW HITPOINT WARNING * * *
Evoke which item? (* to show all) (? for menu, Esc to quit)
Okay, then.
It was a potion of brilliance.
You feel clever all of a sudden.
A sky beast appears from thin air!
Reactivating autopickup.
The troll bites you!
You die...

#......+*.*,*
#......#,*,*,
#......+*,*,*
###.###..#,*,*,
#§...§#.#.#,*,*
###.....#..#.#,*,
####...._....#.#.*,*
#...Y#.....#..#.*,*,
#..@.#§...§#.#.#,*,*
#..T.###.###,.*.*,*,
#....# #.#**,*.*,*,*
#....# #..,,,,*,*,*,
#....# *###*,*,*,*,*
#....# *,,*,*,*,
**#....#******,*,*,*,*
*,......,,,,,,,,*,*,*,
*,*,,,,*********,*,*,*


You could see a troll and a sky beast.

Vanquished Creatures
  The ghost of equalderp2856 the Chopper, a novice MiFi (D:5)
  The ghost of Maskull the Covered, an amateur HOFi of Uskayaw (D:4)
  Grinder (D:3)
  Menkaure (D:4)
  A sky beast (D:5)
  2 ogres (D:4)
  A phantom (D:4)
  3 centaurs
  A gnoll sergeant (D:5)
  A scorpion (D:5)
  A jelly (D:5)
  A bullfrog skeleton (D:4)
  A centaur skeleton (D:3)
  Ijyb (D:4)
  3 worker ants
  6 adders
  A shadow imp (D:5)
  2 worms (D:2)
  3 dart slugs
  4 leopard geckos
  An orc (D:3)
  4 giant cockroaches
  16 hobgoblins
  7 jackals (D:3)
  4 kobolds
  3 quokkas
  A ball python (D:2)
  7 bats
  6 frilled lizards
  9 goblins
  A jackal skeleton (D:5)
  7 rats
102 creatures vanquished.

Notes
Turn   | Place    | Note
-------+----------+-------------------------------------------
     0 | D:1      | Maskull the Hill Orc Fighter began the quest for the Orb.
     0 | D:1      | Reached XP level 1. HP: 19/19 MP: 1/1
   130 | D:1      | Reached XP level 2. HP: 13/27 MP: 2/2
   381 | D:1      | You fall through a shaft!
   618 | D:1      | Reached XP level 3. HP: 32/33 MP: 3/3
   746 | D:2      | Found a sparkling altar of Nemelex Xobeh.
   747 | D:2      | Found a glowing silver altar of Zin.
   758 | D:2      | Became a worshipper of Zin the Law-Giver
   758 | D:2      | Reached * piety under Zin
   790 | D:2      | Reached skill level 3 in Polearms
   904 | D:2      | Reached XP level 4. HP: 34/40 MP: 4/4
  1283 | D:3      | Reached ** piety under Zin
  1532 | D:3      | Reached XP level 5. HP: 46/46 MP: 5/5
  1585 | D:3      | Reached skill level 1 in Dodging
  1602 | D:3      | Noticed Grinder
  1607 | D:3      | Paralysed by Grinder for 3 turns
  1612 | D:3      | Killed Grinder
  1612 | D:3      | Reached skill level 4 in Polearms
  1612 | D:3      | Reached XP level 6. HP: 20/53 MP: 6/6
  1997 | D:3      | Found a faded altar of an unknown god.
  2455 | D:4      | Reached skill level 5 in Polearms
  2478 | D:4      | Reached *** piety under Zin
  2494 | D:4      | Reached XP level 7. HP: 55/60 MP: 7/7
  2562 | D:4      | Reached skill level 5 in Armour
  2633 | D:4      | Noticed Menkaure
  2637 | D:4      | Killed Menkaure
  2637 | D:4      | Reached skill level 5 in Shields
  2677 | D:4      | Noticed Ijyb
  2686 | D:4      | Killed Ijyb
  2751 | D:4      | Reached skill level 6 in Polearms
  2758 | D:4      | Found a radiant altar of Vehumet.
  2842 | D:4      | Noticed Maskull's ghost (amateur HOFi)
  2858 | D:4      | Killed Maskull's ghost
  2858 | D:4      | Reached skill level 5 in Fighting
  2858 | D:4      | Reached skill level 1 in Evocations
  2858 | D:4      | Reached XP level 8. HP: 20/68 MP: 8/8
  3305 | D:5      | Entered Level 5 of the Dungeon
  3352 | D:5      | Noticed equalderp2856's ghost (novice MiFi)
  3362 | D:5      | Reached skill level 7 in Polearms
  3374 | D:5      | Reached skill level 1 in Stealth
  3404 | D:5      | Killed equalderp2856's ghost
  3457 | D:5      | Reached **** piety under Zin
  3803 | D:5      | Reached XP level 9. HP: 59/75 MP: 7/10
  3819 | D:5      | Found a staircase to the Ecumenical Temple.
  3827 | D:5      | Reached skill level 1 in Invocations
  3887 | D:5      | Reached skill level 8 in Polearms
  3962 | D:6      | Found a stormy altar of Qazlal.
  3972 | D:6      | Noticed a troll
  3987 | D:6      | Mangled by a troll

Skill      XL: |  1  2  3  4  5  6  7  8  9 |
---------------+----------------------------+-----
Fighting       | 4 5 |  5.9
Polearms       | 3 4 5 6 7 8 |  8.2
Armour         | 4 5 6 |  6.0
Shields        | 4 5 |  5.7
Dodging        | 1 2 |  2.5
Evocations     | 1 |  1.7
Stealth        | 1 |  1.9
Invocations    | 1 |  1.3

Action                   |  1- 3 |  4- 6 |  7- 9 || total
-------------------------+-------+-------+-------++-------
Melee: Trident           |   127 |   191 |   127 ||   445
       Spear             |       |       |    10 ||    10
Invok: Recite            |       |       |     1 ||     1
       Vitalisation      |       |       |     1 ||     1
Evoke: Wand              |       |       |    11 ||    11
  Use: Scroll            |     1 |     4 |     7 ||    12
       Potion            |       |     2 |     4 ||     6
 Stab: Confused          |       |       |     4 ||     4
  Eat: Meat ration       |       |     1 |     1 ||     2
       Chunk             |       |     1 |       ||     1
Armor: Scale mail        |    56 |    89 |    44 ||   189
Dodge: Dodged            |    26 |    59 |    29 ||   114
Block: Shield            |    52 |    93 |    42 ||   187
